 Dungeon Crawl Stone Soup version 0.24-a0-355-gbe4061de67 (console) character file.

Game seed: 13403743644935957299

143 Voker57 the Skirmisher (level 5, -2/42 HPs)
             Began as a Demonspawn Monk on May 24, 2019.
             Slain by an ogre
             ... wielding a cursed +0 giant club
              (23 damage)
             ... on level 4 of the Dungeon.
             The game lasted 00:04:51 (3703 turns).

Voker57 the Skirmisher (Demonspawn Monk)            Turns: 3703, Time: 00:04:52

Health: -2/42      AC:  4    Str: 12    XL:     5   Next: 4%
Magic:  0/5        EV: 14    Int: 11    God:
Gold:   150        SH:  0    Dex: 16    Spells: 4/4 levels left

rFire    . . .     SeeInvis .   a - +0 falchion
rCold    . . .     Gourm    .   (no shield)
rNeg     . . .     Faith    .   b - +1 robe
rPois    .         Spirit   +   o - +1 hat
rElec    .         Reflect  .   f - scarf {cloud immunity}
rCorr    .         Harm     .   (no gloves)
MR       .....                  (no boots)
Stlth    ++........             (no amulet)
HPRegen  0.14/turn              (no ring)
MPRegen  0.09/turn              (no ring)

@: no status effects
A: claws 1, magic shield
a: no special abilities


You were on level 4 of the Dungeon.
You were hungry.

You visited 1 branch of the dungeon, and saw 4 of its levels.

You collected 150 gold pieces.

Inventory:

Hand Weapons
 a - a +0 falchion (weapon)
Missiles
 p - 6 poisoned darts (quivered)
Armour
 b - a +1 robe (worn)
 f - a scarf of cloud immunity (worn)
 o - a +1 hat (worn)
Jewellery
 e - an uncursed ring of magical power {unknown}
 g - an uncursed amulet of harm
 s - a cursed ring of teleportation {unknown}
Wands
 k - a wand of clouds (1)
Scrolls
 d - 2 scrolls of identify
 h - a scroll of fear
 j - 2 scrolls of magic mapping
 m - 3 scrolls of remove curse
Potions
 i - a potion of curing
 l - a potion of berserk rage {unknown}
 n - a potion of haste {unknown}
 q - a potion of degeneration {unknown}
 r - a potion of invisibility {unknown}
Comestibles
 c - 11 rations
 t - 3 chunks of flesh


   Skills:
 + Level 4.2 Fighting
 - Level 2.6 Long Blades
 - Level 2.0 Throwing
 + Level 3.8 Dodging
 - Level 1.7 Stealth


You had 4 spell levels left.
You didn't know any spells.
Your spell library was empty.

Dungeon Overview and Level Annotations

Branches:
Dungeon (4/15)
 Temple: D:4-7

Altars:
Uskayaw

Shops:
D:4 :


Innate Abilities, Weirdness & Mutations

You have sharp fingernails.
When hurt, damage is shared between your health and your magic reserves.


Message History

Throwing (i - inventory)
p - 8 poisoned darts (quivered)
Press: ? - help, Shift-Dir - straight line, f/p - ogre
Aim: an ogre, wielding a +0 giant club (lightly wounded, poisoned)
You throw a poisoned dart.
The poisoned dart completely misses the ogre.
Throwing (i - inventory)
p - 7 poisoned darts (quivered)
Press: ? - help, Shift-Dir - straight line, f/p - ogre
Aim: an ogre, wielding a +0 giant club (lightly wounded, poisoned)
You throw a poisoned dart. The poisoned dart hits the ogre.
The ogre looks even sicker.
The ogre is lightly wounded.
The ogre barely misses you.
You riposte.
You barely miss the ogre.
The ogre is lightly wounded.
You hit the ogre but do no damage.
The ogre is lightly wounded.
The ogre hits you with a cursed +0 giant club!!
You barely miss the ogre.
The ogre is lightly wounded.
The ogre hits you with a cursed +0 giant club!!
Ouch! That really hurt!
You die...

..............#
..............#+#
.?........(.....
..............#
..............#
.............#
.............#
#..<....#
.....#.###O###
... ###≈≈@≈≈# .
#≈#.#≈# +..∩..+
#≈#.#≈# #≈≈.≈≈#
###+###


You could see an ogre.

Vanquished Creatures
  4 gnolls
  3 adders
  4 worms
  2 leopard geckos
  3 orcs
  3 giant cockroaches
  5 goblins
  9 hobgoblins
  3 jackals (D:3)
  6 bats
  2 frilled lizards (D:2)
  3 kobolds (D:1)
  A rat (D:2)
48 creatures vanquished.

Vanquished Creatures (others)
  Ijyb (D:3)
  3 gnolls (D:3)
4 creatures vanquished.

Grand Total: 52 creatures vanquished

Notes
Turn   | Place    | Note
-------+----------+-------------------------------------------
     0 | D:1      | Voker57 the Demonspawn Monk began the quest for the Orb.
     0 | D:1      | Reached XP level 1. HP: 18/18 MP: 1/1
   252 | D:1      | You fall into a shaft and drop 1 floor!
   272 | D:2      | Gained mutation: You have sharp fingernails. [demonic
                  | ancestry]
   272 | D:2      | Reached XP level 2. HP: 23/24 MP: 2/2
  1186 | D:2      | Gained mutation: When hurt, damage is shared between your
                  | health and your magic reserves. [demonic ancestry]
  1186 | D:2      | Reached XP level 3. HP: 24/29 MP: 3/3
  1293 | D:2      | Found a hide-covered altar of Uskayaw.
  1293 | D:2      | Noticed a +0 dagger
  1293 | D:2      | Noticed a +0 hand axe
  1321 | D:2      | Reached skill level 1 in Throwing
  1830 | D:3      | Noticed Ijyb
  1843 | D:3      | Reached XP level 4. HP: 37/37 MP: 4/4
  2281 | D:3      | Killed Ijyb
  2281 | D:3      | Reached skill level 4 in Fighting
  3088 | D:4      | Noticed a phantom
  3350 | D:4      | Noticed an ogre
  3503 | D:3      | Reached XP level 5. HP: 16/42 MP: 2/5
  3689 | D:4      | Found Zafutasm's Book Shoppe.
  3703 | D:4      | Slain by an ogre

Levels and vault maps discovered:
D:1:      psy_arrival_fountain, layout_basic, serial_curves, eino_curves_04,
          eino_curves_02, minmay_tiny_reverse_x
D:2:      layout_basic, dancing_weapons_uskayaw, first_ration, minmay_domino_2
D:3:      layout_rooms, uniq_ijyb
D:4:      layout_cave_pods, kennysheep_mini, serial_shops,
          kennysheep_little_box, uniq_grinder, uniq_sigmund

Skill      XL: |  1  2  3  4 |
---------------+-------------+-----
Dodging        | 3 |  3.8
Throwing       | 1 2 |  2.0
Fighting       | 4 |  4.2
Long Blades    | |  2.6
Stealth        | |  1.7

Action                   |  1- 3 |  4- 6 || total
-------------------------+-------+-------++-------
Melee: Falchion          |   109 |    78 ||   187
Throw: Dart              |     4 |    24 ||    28
  Use: Scroll            |     6 |     3 ||     9
       Potion            |     3 |       ||     3
 Stab: Sleeping          |     5 |       ||     5
  Eat: Chunk             |     2 |     3 ||     5
       Ration            |       |     1 ||     1
Armor: Robe              |    32 |    19 ||    51
       Skin              |     9 |       ||     9
Dodge: Dodged            |    73 |    82 ||   155
       Rpst.: Falchion   |    21 |    26 ||    47

Table legend:
 A = Non-vault XP
 B = Vault XP
 C = Vault XP percentage of total XP
 D = Non-vault monster count
 E = Vault monster count
 F = Vault count percentage of total count
                 A         B        C        D         E       F
            +---------+---------+-------+---------+---------+-------
      Total |     175 |      30 |  14.6 |      46 |       5 |   9.8
            +---------+---------+-------+---------+---------+-------
        D:1 |      19 |       3 |  13.6 |      11 |       2 |  15.4
        D:2 |     111 |       4 |   3.5 |      23 |       2 |   8.0
        D:3 |      39 |      23 |  37.1 |      10 |       1 |   9.1
        D:4 |       6 |       0 |   0.0 |       2 |       0 |   0.0
            +---------+---------+-------+---------+---------+-------
